AoeStats
← FJL

Arabian Desert

510817128Analyzed
1v1 RM · 12h ago on Oct 2, 2026· 25m 4s· 2 players
Game mode
Random Map
Map size
Tiny (2 player)
Population
200
Speed
Normal
Resources
Standard
Victory
Conquest
Starting age
Dark Age
Ending age
Imperial Age
RankedLock teamsTeams togetherTeam positionsShared explorationLock speedFull tech treeHidden civsTurbo modeCheats
Victory
Defeat
🇩🇪 Sicilians · Germany
1797
+17
🇦🇷 Bulgarians · Argentina
1813
-17
unfold
6:15 Loom
8:48 Feudal Age
10:53 Double-Bit Axe
15:43 Fletching
16:56 Padded Archer Armor
22:31 Castle Age
20:57 Gold Mining
21:20 Horse Collar
22:34 Crossbowman
23:09 Bodkin Arrow
24:25 Wheelbarrow
FJL
6:40 Loom
9:31 Feudal Age
12:08 Town Watch
12:11 Double-Bit Axe
15:34 Fletching
17:30 Horse Collar
21:14 Wheelbarrow
24:07 Castle Age
22:34 Scale Barding Armor
23:54 Forging
24:57 Bloodlines
25:09 Chain Barding Armor
Connection lost

Rejoining the realm…

Still unreachable

The connection could not be restored.

Session expired

The server has moved on; the page needs a fresh start.